 Dungeon Crawl Stone Soup version 0.30-a0-469-g84de5afbc5 (webtiles) character file.

Game seed: 1951101070339191626

67 cforsyth the Cudgeller (level 4, 0/39 HPs)
             Began as an Armataur Gladiator on Dec 19, 2022.
             Slain by Natasha (2 damage)
             ... on level 1 of the Dungeon.
             The game lasted 00:01:32 (1488 turns).

cforsyth the Cudgeller (Armataur Gladiator)         Turns: 1488, Time: 00:01:32

Health: 0/39       AC:  5    Str: 21    XL:     4   Next: 0%
Magic:  4/4        EV: 10    Int:  9    God:
Gold:   61         SH:  0    Dex: 11    Spells: 3/3 levels left

rFire   . . .      SeeInvis .    a - +0 flail
rCold   . . .      Faith    .    (no shield)
rNeg    . . .      Spirit   .    b - +0 leather armour
rPois   .          Reflect  .    c - +0 helmet
rElec   .          Harm     .    (no cloak)
rCorr   .          Roll     +    (no gloves)
Will    .....                    (no barding)
Stlth   +.........               (no amulet)
HPRegen 0.26/turn                (no ring)
MPRegen 0.09/turn                (no ring)

@: no status effects
A: large, rugged brown scales 3, deformed body, armoured tail, roll, long
tongue, awkward tongue
a: no special abilities


You were on level 1 of the Dungeon.
You visited 1 branch of the dungeon, and saw 2 of its levels.

You collected 61 gold pieces.

Inventory:

Hand Weapons
 a - a +0 flail (weapon)
Missiles
 d - 5 throwing nets (quivered)
 e - a javelin
Armour
 b - a +0 leather armour (worn)
 c - a +0 helmet (worn)
Scrolls
 g - a scroll of acquirement {unknown}
 h - 2 scrolls of identify {unknown}
 i - 2 scrolls of fear {unknown}
 j - a scroll of enchant weapon {unknown}
 k - 3 scrolls of teleportation {unknown}
 l - a scroll of magic mapping {unknown}
Potions
 f - 2 potions of might {unknown}
 m - a potion of flight {unknown}
 n - a potion of lignification {unknown}
 o - a potion of resistance {unknown}


   Skills:
 + Level 2.4 Fighting
 + Level 3.2 Maces & Flails
 + Level 2.5 Throwing
 + Level 2.6 Dodging


You had 3 spell levels left.
You didn't know any spells.
Your spell library contained the following spells:

 Spells                   Type           Power      Damage    Failure   Level
 Summon Forest            Summ/Tloc      0%         N/A       100%        5
 Malign Gateway           Summ/Tloc      0%         N/A       100%        7


Dungeon Overview and Level Annotations

Branches:
Dungeon (2/15)

Altars:

Annotations:
D:1 Natasha


Innate Abilities, Weirdness & Mutations

You are completely covered in rugged brown scales. (AC +3, +7% HP)
Armour fits poorly on your strangely shaped body.
You have a long armoured tail.
You roll when moving toward enemies. (Rampage)
Your long tongue fully drains potion bottles. (2x potion effects)
Your tongue gives you trouble enunciating. (1.5x scroll delay)


Message History

The goblin attacks as you move away! The goblin hits you with a +0 club.
* * * LOW HITPOINT WARNING * * *
The goblin attacks as you move away! The goblin barely misses you.
The white imp sputters.
The goblin attacks as you move away! The goblin hits you with a +0 club.
* * * LOW HITPOINT WARNING * * *
There is a stone staircase leading up here.
The goblin barely misses you. Natasha claws you but does no damage.
You climb upwards.
The white imp disappears in a puff of smoke!
There is a stone staircase leading down here.
You barely miss Natasha. The goblin hits you but does no damage.
Natasha claws you.
* * * LOW HITPOINT WARNING * * *
The goblin closely misses you.
Unknown command.
You closely miss Natasha. Natasha closely misses you.
The goblin closely misses you.
You closely miss the goblin. Natasha closely misses you.
The goblin closely misses you. Natasha misses you.
Unknown command.
Unknown command.
You thump the goblin!
You kill the goblin!
Natasha claws you but does no damage.
You have reached level 4!
You feel clever.
Unknown command.
You barely miss Natasha.
Your tail-slap misses Natasha.
Natasha closely misses you.
You completely miss Natasha. Natasha closely misses you.
You barely miss Natasha. You tail-slap Natasha.
Natasha is moderately wounded.
Natasha claws you.
* * * LOW HITPOINT WARNING * * *
Unknown command.
You hit Natasha. You tail-slap Natasha.
Natasha is almost dead.
Natasha claws you.
You die...

.....###.#.##.##..#.##...#
#...#.
#........#..........##...#
#)..##
.....#........###.#.##...# #...#
....###..###..###(#.##...###...#
#..## ##..##.........#....#....#
#...###.......#########.......##
#....#..####..#### ##.....##
....#....).)...h.# ##...##
..###.#####.#.##@# #####
###.....# #.#.##)# #.....#
#...##.# #.....# #.####.#
#.....# #.####.# #.....#
#......# ######### #.###### .##
#.##...## #(## #.#.###.#


You could see Natasha.

Vanquished Creatures
  Terence (D:2)
  A worm (D:2)
  2 bats
  2 endoplasms (D:2)
  A giant cockroach (D:2)
  4 goblins (D:1)
  9 hobgoblins
  2 jackals (D:1)
  3 kobolds (D:1)
  2 quokkas
  2 ball pythons
  2 frilled lizards
  5 rats
36 creatures vanquished.

Notes
Turn   | Place    | Note
-------+----------+-------------------------------------------
     0 | D:1      | cforsyth the Armataur Gladiator began the quest for the
                  | Orb.
     0 | D:1      | Reached XP level 1. HP: 18/18 MP: 1/1
     7 | D:1      | Got the Compilation of Apparitions
    71 | D:1      | Reached XP level 2. HP: 22/25 MP: 2/2
   459 | D:1      | Reached skill level 3 in Maces & Flails
   757 | D:2      | Reached XP level 3. HP: 25/31 MP: 3/3
   966 | D:2      | Found a faded altar of an unknown god.
   970 | D:2      | Noticed Terence
   979 | D:2      | Killed Terence
  1426 | D:2      | Noticed Natasha
  1481 | D:1      | HP: 1/32 [Natasha (4)]
  1485 | D:1      | Reached XP level 4. HP: 3/39 MP: 4/4
  1488 | D:1      | Slain by Natasha

Illustrated notes

Levels and vault maps discovered:
D:1:      dpeg_arrival_more_subterranean_lakeside_camping, layout_loops_cross,
          nrook_uturn
D:2:      layout_loops_corners, ebering_ecumenical_altar_webs, uniq_natasha,
          uniq_terence

Skill      XL: |  1  2 |
---------------+-------+-----
Fighting       | 2 |  2.4
Throwing       | 2 |  2.5
Maces & Flails | 3 |  3.2
Dodging        | |  2.6

Action                   |  1- 3 |  4- 6 || total
-------------------------+-------+-------++-------
Melee: Flail             |    98 |     4 ||   102
       Tailslap          |    12 |     2 ||    14
       Punch             |     1 |       ||     1
 Stab: Sleeping          |     2 |       ||     2
Armor: Leather armour    |    44 |       ||    44
Dodge: Dodged            |    70 |     2 ||    72

Table legend: (Time is in decaauts)
 A = Elapsed time spent in this place.
 B = Non-inter-level travel time spent in this place.
 C = Inter-level travel time spent in this place.
 D = Time resting spent in this place.
 E = Time spent auto-exploring this place.
 F = Levels seen in this place.
 G = Mean time per level.
                   A        B        C        D        E       F      G
               +--------+--------+--------+--------+--------+-----+--------+
         Total |   1513 |   1466 |     47 |      0 |   1187 |   2 |  756.5 |
       Dungeon |   1513 |   1466 |     47 |      0 |   1187 |   2 |  756.5 |
               +--------+--------+--------+--------+--------+-----+--------+

Top non-repeatable levels by time:
     D:1: 777 daAuts
     D:2: 735 daAuts
